 Dungeon Crawl Stone Soup version 0.28-a0-1182-g381e24db82 (webtiles) character file.

Game seed: 8386154954588597372

49106 Conn the Arsonist (level 14, -19/91 HPs)
             Began as an Octopode Fire Elementalist on Dec 17, 2021.
             Was an Elder of Sif Muna.
             Demolished by a rockslime (44 damage)
             ... on level 6 of the Lair of Beasts on Dec 18, 2021.
             The game lasted 01:19:18 (23606 turns).

Conn the Arsonist (Octopode Fire Elementalist)     Turns: 23606, Time: 01:19:24

Health: -19/91     AC:  0    Str:  7    XL:     14   Next: 49%
Magic:  2/39       EV: 21    Int: 28    God:    Sif Muna [****..]
Gold:   2229       SH: 11    Dex: 28    Spells: 10/35 levels left

rFire   + . .      SeeInvis +   b - staff of fire
rCold   + . .      Faith    .   n - +0 buckler
rNeg    . . .      Spirit   .   v - +3 hat of Pondering {ponderous, Will+ MP+10 Int+5}
rPois   +          Reflect  +   N - amulet of reflection
rElec   .          Harm     .   m - +6 ring of dexterity
rCorr   .          Rampage  .   g - ring of see invisible
Will    ++...                   H - +6 ring of dexterity
Stlth   ++++++....              O - ring of protection from cold
HPRegen 0.25/turn               o - ring of poison resistance
MPRegen 0.26/turn               Y - +4 ring of evasion
                                I - ring of wizardry
                                (no ring)

@: corroded, slow
A: almost no armour, amphibious, 8 rings, camouflage 1, gelatinous body 1,
(nimble swimmer 1), tentacles, see invisible, agile 2, robust 1
a: Renounce Religion, Channel Magic, Forget Spell, Divine Exegesis


You were on level 6 of the Lair of Beasts.
You worshipped Sif Muna.
Sif Muna was greatly pleased with you.
You visited 4 branches of the dungeon, and saw 19 of its levels.
You also visited: Sewer and Gauntlet.

You collected 2229 gold pieces.

Inventory:

Hand Weapons
 a - the +4 rapier of Kismet {protect, rF+}
   (You took it off an orc on level 11 of the Dungeon)

   It grants its wielder temporary protection when it strikes (+7 to AC).
   rF:        It protects you from fire.
Missiles
 d - 19 arrows
 V - a curare-tipped dart (quivered)
Armour
 j - a +2 hat
 n - a +0 buckler (worn)
 v - the +3 hat of Pondering (worn) {ponderous, Will+ MP+10 Int+5}
   (You took it off Gastronok on level 1 of the Lair of Beasts)

   Int:       It affects your intelligence (+5).
   MP:        It affects your magic capacity (+10).
   Will:      It increases your willpower.
Magical Staves
 b - a staff of fire (weapon)
Jewellery
 g - a ring of see invisible (right tentacle)
 m - a +6 ring of dexterity (left tentacle)
 o - a ring of poison resistance (on tentacle)
 s - an amulet of regeneration
 H - a +6 ring of dexterity (on tentacle)
 I - a ring of wizardry (on tentacle)
 L - a ring of ice
 N - an amulet of reflection (around mantle)
 O - a ring of protection from cold (on tentacle)
 Y - a +4 ring of evasion (on tentacle)
Wands
 f - a wand of mindburst (16)
 p - a wand of polymorph (5)
 u - a wand of flame (36)
 B - a wand of digging (3)
 D - a wand of paralysis (2)
 E - a wand of iceblast (10)
Scrolls
 h - a scroll of brand weapon
 i - 2 scrolls of enchant armour
 t - a scroll of vulnerability {unknown}
 w - 5 scrolls of magic mapping
 y - a scroll of holy word {unknown}
 C - 2 scrolls of torment
 J - 2 scrolls of noise {unknown}
 K - a scroll of silence {unknown}
 M - a scroll of fear {unknown}
 P - 4 scrolls of fog
 U - 5 scrolls of teleportation
 W - 2 scrolls of blinking {unknown}
 Z - a scroll of immolation {unknown}
Potions
 c - 5 potions of attraction
 e - 3 potions of magic
 k - 4 potions of haste
 l - a potion of cancellation
 q - 4 potions of curing
 r - 5 potions of flight
 x - 2 potions of resistance
 z - 4 potions of mutation
 A - 4 potions of ambrosia
 F - 4 potions of might
 G - 4 potions of heal wounds
 Q - a potion of brilliance
 S - a potion of lignification
 X - a potion of berserk rage
Miscellaneous
 R - a phantom mirror


   Skills:
 + Level 3.3 Fighting
 + Level 3.3 Short Blades
 + Level 0.6 Staves
 + Level 0.5 Throwing
 + Level 4.7 Dodging
 + Level 8.7 Stealth
 + Level 1.6 Shields
 + Level 11.0 Spellcasting
 * Level 11.4 Conjurations
 + Level 3.7 Hexes
 + Level 5.3 Translocations
 * Level 13.4 Fire Magic
 - Level 9.1 Invocations
 + Level 1.5 Evocations


You had 10 spell levels left.
You knew the following spells:

 Your Spells              Type           Power      Damage    Failure   Level
a - Foxfire               Conj/Fire      100%       2x1d9     1%          1
b - Conjure Flame         Conj/Fire      91%        6-21      1%          3
c - Inner Flame           Hex/Fire       76%        N/A       1%          3
d - Flame Wave            Conj/Fire      91%        2d13      1%          4
e - Scorch                Fire           100%       2d10      1%          2
f - Blink                 Tloc           90%        N/A       1%          2
g - Iskenderun's Mystic   Conj/Tloc      58%        2d12      1%          4
h - Starburst             Conj/Fire      45%        6d13      1%          6

Your spell library contained the following spells:

 Spells                   Type           Power      Damage    Failure   Level
 Magic Dart               Conj           100%       1d8       1%          1
 Pain                     Necr           60%        1d7       1%          1
 Searing Ray              Conj           100%       2d8       1%          2
 Static Discharge         Conj/Air       47%        N/A       1%          2
 Dazzling Flash           Conj/Hex       100%       N/A       1%          3
 Lesser Beckoning         Tloc           45%        N/A       1%          3
 Stone Arrow              Conj/Erth      94%        3d12      1%          3
 Fulminant Prism          Conj/Hex       27%        3d14      1%          4
 Sticky Flame             Conj/Fire      91%        2d10      1%          4
 Passwall                 Tmut/Erth      12%        N/A       3%          2
 Lightning Bolt           Conj/Air       23%        1d39      5%          5
 Swiftness                Air            15%        N/A       6%          3
 Manifold Assault         Tloc           45%        N/A       6%          5
 Leda's Liquefaction      Hex/Erth       12%        N/A       9%          4
 Summon Forest            Summ/Tloc      15%        N/A       17%         5
 Animate Dead             Necr           7%         N/A       19%         4
 Silence                  Hex/Air        12%        N/A       26%         5
 Summon Mana Viper        Hex/Summ       25%        N/A       26%         5
 Agony                    Necr           15%        N/A       45%         5
 Borgnjor's Vile Clutch   Necr/Erth      7%         N/A       45%         5
 Lee's Rapid Deconstruct  Erth           7%         3d8*      45%         5
 Death Channel            Necr           7%         N/A       95%         6
 Simulacrum               Ice/Necr       7%         N/A       95%         6
 Statue Form              Tmut/Erth      10%        N/A       95%         6
 Summon Cactus Giant      Summ           7%         N/A       95%         6
 Haunt                    Necr/Summ      7%         N/A       100%        7
 Storm Form               Tmut/Air       7%         N/A       100%        7
 Maxwell's Capacitive Co  Air            7%         ∞         100%        8
 Fire Storm               Conj/Fire      45%        8d12      100%        9


Dungeon Overview and Level Annotations

Branches:
Dungeon (11/15)            Temple (1/1) D:4            Lair (6/6) D:10
  Swamp (0/4) Lair:4        Snake (0/4) Lair:4        Slime (0/5) Lair:5
    Orc (1/2) D:11          Sewer (visited)         Gauntlet (visited)

Altars:
Ashenzari
Dithmenos
Elyvilon
Gozag
Kikubaaqudgha
Sif Muna
Trog
Uskayaw
Wu Jian
Xom
Yredelemnul

Shops:
D:2 *   D:9 (

Annotations:
Lair:5 2 transporters


Innate Abilities, Weirdness & Mutations

You cannot wear most types of armour.
You are amphibious.
You can wear up to eight rings at the same time.
Your skin changes colour to match your surroundings (Stealth+).
Your rubbery body absorbs attacks. (AC +1, EV +1)
((You are camouflaged near water. (Stealth+)))
You have tentacles for arms and can constrict up to eight enemies at once.
You have supernaturally acute eyesight. (SInv)
You are very agile. (Dex +4)
You are robust. (+10% HP)


Message History

Unknown command.
Casting: Iskenderun's Mystic Blast (mildly dangerous; 1% risk of failure)
Confirm with . or Enter, or press ? or * to list all spells.
Okay, then.
Unknown command.
Unknown command.
Unknown command.
Unknown command.
Aiming: Iceblast
Press: ? - help, Shift-Dir - straight line The mass of ice explodes!
The iceblast engulfs the rockslime but does no damage.
The rockslime is almost dead.
The rockslime completely misses you.
Press: ? - help, v - describe, . - travel
Here: a rockslime (almost dead)
A stone staircase leading up.
Unknown command.
Unknown command.
Aiming: Iceblast
Press: ? - help, Shift-Dir - straight line The mass of ice explodes!
The iceblast engulfs the rockslime but does no damage.
The rockslime is almost dead.
The acid blob quivers.
The rockslime hits you!
You stumble backwards!
Unknown command.
Aiming: Iceblast
Press: ? - help, Shift-Dir - straight line The mass of ice explodes!
The iceblast engulfs the rockslime but does no damage.
The rockslime is almost dead.
You block the rockslime's attack. The acid blob spits acid at you.
The splash of acid hits you!!
* * * LOW HITPOINT WARNING * * *
The acid corrodes you!
The rockslime jiggles.
The rockslime hits you!!!
You die...

.........#.......##..P######.....
..................#....##........
.................................
..P.....##...###...#.P#####.####.
.#..÷..÷..........#..## #.#§#...
......##.......##.....## #....)..
.......##.#.....[......####......
.....###.###.##........##..#†....
÷.....#.#.####..@.......#........
..........# #.).J................
.)...P....###...<.[....(.).......
......###..#.....................
.....## #.........####...........
#...#.#####......#####......#....
#..###.#.##......###.............
#...#....###J......##.#....P...#.
##........#.................P....


You could see an acid blob and a rockslime.

Vanquished Creatures
  Gastronok (Lair:1)
  A minotaur (Gauntlet)
  3 boulder beetles
  A catoblepas (Lair:5)
  Erica (D:10)
  7 hydras
  A two-headed ogre (D:9)
  A sixfirhy (Gauntlet)
  A lindwurm (Lair:6)
  Pikel (D:8)
  An oklob plant (Lair:2)
  A manticore (D:11)
  17 elephants
  Joseph (D:8)
  6 black mambas
  10 cane toads
  5 komodo dragons
  Maggie (D:8)
  A rime drake (Lair:3)
  2 trolls (D:11)
  A queen bee (D:11)
  5 polar bears
  4 hornets (Lair:6)
  17 blink frogs
  7 dream sheep
  A redback (Gauntlet)
  9 spriggans (Lair:6)
  2 shadows
  11 yaks
  Eustachio (D:4)
  A wraith (D:11)
  A steam dragon (D:8)
  5 nagas (Lair:4)
  12 water moccasins
  3 ice beasts
  2 orc warriors
  2 sky beasts
  6 black bears
  3 ogres
  18 wolves (Lair:6)
  4 boggarts (Lair:6)
  8 centaurs
  A phantom (D:4)
  2 lemures (D:8)
  4 kobold brigands
  20 bullfrogs
  A water moccasin zombie (D:6)
  A scorpion (D:5)
  A water moccasin skeleton (D:5)
  A wight (D:6)
  36 killer bees
  2 electric eels (Lair:3)
  5 centaur zombies
  A bullfrog zombie (D:7)
  A hound (D:6)
  3 jellies
  An orc priest (D:9)
  A bullfrog skeleton (D:5)
  Crazy Yiuf (D:6)
  A gnoll shaman (D:5)
  3 iguanas
  Ijyb (D:4)
  3 orc wizards
  7 hell rats (Lair:4)
  4 killer bee zombies
  2 hound skeletons
  A hound zombie (D:5)
  A howler monkey zombie (D:6)
  5 gnolls
  11 adders
  A white imp (D:7)
  8 ufetubi
  A worm (D:4)
  4 dart slugs
  22 orcs
  7 ball pythons
  14 endoplasms
  6 giant cockroaches
  18 goblins
  5 hobgoblins
  10 jackals
  7 quokkas
  2 bats
  4 frilled lizards
  21 kobolds
  7 rats
  2 bushes (Lair:3)
446 creatures vanquished.

Vanquished Creatures (collateral kills)
  3 death yaks (Gauntlet)
  A moth of wrath (Gauntlet)
  A torpor snail (Gauntlet)
  2 redbacks (Gauntlet)
  An ufetubus (Gauntlet)
  6 foxfires
14 creatures vanquished.

Vanquished Creatures (others)
  2 orcs (D:9)
  1596 foxfires
  52 fungi
  51 plants
1701 creatures vanquished.

Grand Total: 2161 creatures vanquished

Notes
Turn   | Place    | Note
-------+----------+-------------------------------------------
     0 | D:1      | Conn the Octopode Fire Elementalist began the quest for the
                  | Orb.
     0 | D:1      | Reached XP level 1. HP: 11/11 MP: 3/3
   128 | D:1      | Reached XP level 2. HP: 13/17 MP: 0/5
   355 | D:1      | Reached XP level 3. HP: 21/21 MP: 0/6
   977 | D:2      | Found Naliax's Assorted Antiques.
  1098 | D:2      | Found a faded altar of an unknown god.
  1277 | D:2      | Reached XP level 4. HP: 26/27 MP: 7/7
  1416 | D:2      | HP: 1/27 [poisoned by an adder]
  1977 | D:3      | Reached skill level 1 in Short Blades
  1977 | D:3      | Reached XP level 5. HP: 31/31 MP: 9/9
  2423 | D:3      | Found a glowing drain.
  2433 | Sewer    | Entered a sewer
  2654 | Sewer    | Noticed a kobold brigand
  2663 | Sewer    | Killed a kobold brigand
  2664 | Sewer    | Reached skill level 4 in Fire Magic
  2760 | Sewer    | Found a white marble altar of Elyvilon.
  2889 | D:3      | Reached XP level 6. HP: 37/37 MP: 9/11
  3146 | D:3      | Learned a level 3 spell: Conjure Flame
  3150 | D:3      | Learned a level 3 spell: Inner Flame
  3155 | D:3      | Learned a level 4 spell: Flame Wave
  3483 | D:4      | Noticed an orc warrior
  3538 | D:4      | Killed an orc warrior
  3709 | D:4      | Reached XP level 7. HP: 29/42 MP: 0/12
  3723 | D:4      | Noticed Eustachio
  3914 | D:4      | Killed Eustachio
  3915 | D:4      | Reached skill level 1 in Fighting
  4248 | D:4      | Reached skill level 5 in Stealth
  4336 | D:4      | Found a staircase to the Ecumenical Temple.
  4344 | Temple   | Entered the Ecumenical Temple
  4409 | Temple   | Became a worshipper of Sif Muna the Loreminder
  4652 | D:4      | Noticed Ijyb
  4659 | D:4      | Killed Ijyb
  4880 | D:5      | Entered Level 5 of the Dungeon
  4939 | D:5      | Reached skill level 5 in Fire Magic
  4944 | D:5      | Reached XP level 8. HP: 13/48 MP: 9/15
  5233 | D:5      | Reached skill level 5 in Spellcasting
  6231 | D:5      | Learned a level 2 spell: Scorch
  6234 | D:5      | Learned a level 2 spell: Blink
  6314 | D:6      | Reached * piety under Sif Muna
  6594 | D:6      | Reached skill level 5 in Conjurations
  6676 | D:6      | Reached XP level 9. HP: 54/54 MP: 7/18
  6705 | D:6      | Reached skill level 6 in Fire Magic
  6705 | D:6      | Reached skill level 1 in Invocations
  6922 | D:6      | Reached skill level 1 in Hexes
  6971 | D:6      | Found a shadowy altar of Dithmenos.
  7150 | D:6      | Learned a level 4 spell: Iskenderun's Mystic Blast
  7161 | D:6      | Found a runed translucent door.
  7162 | D:6      | Noticed Crazy Yiuf
  7172 | D:6      | Killed Crazy Yiuf
  7173 | D:6      | Reached skill level 1 in Translocations
  8161 | D:7      | Reached ** piety under Sif Muna
  8638 | D:8      | Found an ancient bone altar of Kikubaaqudgha.
  8642 | D:8      | Noticed Joseph
  8650 | D:8      | Killed Joseph
  8651 | D:8      | Reached skill level 7 in Fire Magic
  8651 | D:8      | Reached XP level 10. HP: 51/60 MP: 11/20
  8993 | D:8      | Noticed Pikel
  8997 | D:8      | Killed Pikel
  9136 | D:8      | Noticed a death knight
  9465 | D:9      | Noticed a two-headed ogre
  9502 | D:8      | Noticed Maggie
  9510 | D:8      | Killed Maggie
  9595 | D:9      | Found Riddo's Weapon Boutique.
  9810 | D:9      | Killed a two-headed ogre
 10109 | D:9      | Reached skill level 8 in Fire Magic
 10335 | D:9      | Reached skill level 5 in Invocations
 10545 | D:10     | Entered Level 10 of the Dungeon
 10754 | D:10     | Reached XP level 11. HP: 33/64 MP: 0/22
 10884 | D:10     | Found a staircase to the Lair.
 11003 | D:10     | Noticed a death knight
 11031 | Lair:1   | Entered Level 1 of the Lair of Beasts
 11085 | Lair:1   | Noticed an eight-headed hydra
 11091 | Lair:1   | Killed an eight-headed hydra
 11379 | Lair:1   | Noticed an eight-headed hydra
 11579 | D:10     | Noticed Erica
 11587 | D:10     | Killed Erica
 11694 | D:11     | Found a gate leading to a gauntlet.
 11739 | D:11     | Learned a level 6 spell: Starburst
 11740 | Gauntlet | Entered a Gauntlet
 11740 | Gauntlet | Found a transporter.
 11740 | Gauntlet | Found a transporter.
 11743 | Gauntlet | Found a transporter.
 11743 | Gauntlet | Found a transporter.
 11745 | Gauntlet | Noticed a necromancer
 11746 | Gauntlet | Found a transporter.
 11757 | Gauntlet | Found a runed translucent gate.
 11758 | Gauntlet | Found a transporter.
 11758 | Gauntlet | Found a runed translucent gate.
 11760 | Gauntlet | Noticed a sixfirhy
 11763 | Gauntlet | Found a runed translucent gate.
 11771 | Gauntlet | Found a transporter.
 11787 | Gauntlet | Noticed a death yak
 11790 | Gauntlet | Noticed a death yak
 11791 | Gauntlet | Found a transporter.
 11791 | Gauntlet | Found a transporter.
 11792 | Gauntlet | Found a transporter.
 11793 | Gauntlet | Noticed a death yak
 11793 | Gauntlet | Noticed a sixfirhy
 11795 | Gauntlet | Noticed a sixfirhy
 11798 | Gauntlet | Noticed a sixfirhy
 11810 | Gauntlet | Noticed a moth of wrath
 11833 | Gauntlet | Found a transporter.
 11848 | Gauntlet | Found a transporter.
 11855 | Gauntlet | Noticed a ghost crab
 11857 | Gauntlet | Found a runed translucent door.
 11858 | Gauntlet | Found a transporter.
 11859 | Gauntlet | Found a runed translucent door.
 11872 | Gauntlet | Found a transporter.
 11935 | Gauntlet | Gained mutation: You have supernaturally acute eyesight.
                  | (SInv) [potion of mutation]
 11935 | Gauntlet | Gained mutation: You are agile. (Dex +2) [potion of
                  | mutation]
 11935 | Gauntlet | Gained mutation: You are very agile. (Dex +4) [potion of
                  | mutation]
 11935 | Gauntlet | Gained mutation: You are robust. (+10% HP) [potion of
                  | mutation]
 11959 | Gauntlet | Killed a sixfirhy
 11959 | Gauntlet | Reached *** piety under Sif Muna
 11960 | Gauntlet | Reached skill level 9 in Fire Magic
 12010 | Gauntlet | Killed a death yak
 12011 | Gauntlet | Reached skill level 1 in Evocations
 12012 | Gauntlet | Killed a death yak
 12015 | Gauntlet | Killed a death yak
 12025 | Gauntlet | Identified the +1 hat of the Enchanted Forest {Harm rF-
                  | Dex+3}
 12037 | Gauntlet | Identified the +3 scale mail of Demp {Will+++ Regen+ Int-5}
 12050 | Gauntlet | Killed a moth of wrath
 12188 | Gauntlet | Noticed a minotaur
 12218 | Gauntlet | Killed a minotaur
 12416 | D:11     | Reached XP level 12. HP: 56/77 MP: 15/24
 12528 | D:11     | Found a staircase to the Orcish Mines.
 12703 | D:11     | Reached skill level 10 in Fire Magic
 12843 | D:11     | Identified the +4 rapier of Kismet {protect, rF+}
 13550 | D:11     | Noticed a boulder beetle
 13609 | D:11     | Killed a boulder beetle
 13985 | Orc:1    | Entered Level 1 of the Orcish Mines
 13987 | Orc:1    | Noticed a sun demon
 14075 | Lair:1   | Killed an eight-headed hydra
 15031 | Lair:1   | Noticed Gastronok
 15047 | Lair:1   | Killed Gastronok
 15599 | Lair:2   | Reached skill level 11 in Fire Magic
 15656 | Lair:2   | Noticed a boulder beetle
 15953 | Lair:2   | Reached **** piety under Sif Muna
 16285 | Lair:2   | Killed a boulder beetle
 16286 | Lair:2   | Reached skill level 5 in Translocations
 16286 | Lair:2   | Reached XP level 13. HP: 59/82 MP: 26/26
 16489 | Lair:2   | You fall into a shaft and drop 1 floor!
 16806 | Lair:2   | Found the +8 longbow "Zephyr" {speed, Dex+3 SInv}
 18026 | Lair:3   | Identified the +4 mace of Starshine {venom, Will+ Str+6
                  | Int+6}
 18087 | Lair:3   | Reached skill level 1 in Shields
 18568 | Lair:3   | Reached skill level 10 in Spellcasting
 18568 | Lair:3   | Reached skill level 10 in Conjurations
 19349 | Lair:4   | Reached skill level 12 in Fire Magic
 19630 | Lair:4   | Found a staircase to the Snake Pit.
 19979 | Lair:4   | Found a staircase to the Swamp.
 21070 | Lair:5   | Found a transporter.
 21077 | Lair:5   | Found a transporter.
 21225 | Lair:5   | Identified a scroll of acquirement
 21225 | Lair:5   | Acquired 1008 gold pieces
 21348 | Lair:5   | Found a staircase to the Slime Pits.
 21689 | Lair:6   | Entered Level 6 of the Lair of Beasts
 21760 | Lair:6   | Reached XP level 14. HP: 54/89 MP: 7/28
 21814 | Lair:6   | Reached ***** piety under Sif Muna
 21855 | Lair:6   | Reached skill level 13 in Fire Magic
 22265 | Lair:6   | Received a gift from Sif Muna
 22269 | Lair:6   | Got Sif Muna's Catalogue of Blistering Earth {god gift}
 23150 | Lair:6   | Got the Reference Book on Supportive Black Rites
 23199 | Lair:6   | Noticed a rockslime
 23209 | Lair:6   | Noticed an acid blob
 23606 | Lair:6   | Demolished by a rockslime

Illustrated notes

Levels and vault maps discovered:
D:1:      minmay_arrival_three_doors, layout_rooms
D:2:      layout_basic, serial_glass, glass_columns_b, glass_columns_a,
          glass_columns_a, glass_columns_c, glass_columns_c, glass_columns_b,
          glass_columns_c, glass_columns_b, glass_columns_a, glass_columns_a,
          ebering_ecumenical_altar_webs, serial_shops, shop,
          minmay_joined_circles
D:3:      layout_loops_corners, gup_sewer_entry_pipe
D:4:      kennysheep_the_goblin_king, layout_gridville, temple_doors_ab,
          solitary_fountain, uniq_eustachio
D:5:      layout_rooms
D:6:      layout_rooms, hangedman_decor_riveting, st_stairs_3,
          mrwooster_statue_mirror, kennysheep_flooded_box,
          kennysheep_generic_room_8, uniq_crazy_yiuf_cottage
D:7:      layout_cave_pods, dk_vineyard_2, serial_park_tiny_pond,
          minmay_misc_feat_x
D:8:      minmay_clustersquares, layout_basic,
          mainiacjoe_overflow_concentric_impassable, uniq_joseph, uniq_maggie,
          uniq_pikel
D:9:      layout_roguey, serial_shops, nicolae_shop_bloodbath_and_beyond,
          lemuel_flame_loot_1
D:10:     layout_roguey, dpeg_oklobed_lair, minmay_between, uniq_erica
D:11:     layout_loops_cross, david_orc_2, gauntlet_entry_generic, special_room
          [special_room_bee]
Temple:   mainiacjoe_temple_archimedes_tessellation
Lair:1:   layout_layer_cave, lemuel_fruit_tree, uniq_gastronok
Lair:2:   layout_regular_city
Lair:3:   layout_cave_pods, nicolae_quartered_pool_little, serial_bayou_shore_a
Lair:4:   layout_small_grid, minmay_swamp_entry_reptiles,
          minmay_snake_entry_guardpost_medium
Lair:5:   gammafunk_boulding_lane, layout_cave_pods, slime_dummy,
          lemuel_old_faithful
Lair:6:   minmay_lair_end_enchanted_forest, layout_misc_corridors, special_room
          [special_room_jelly]
Orc:1:    layout_caves, nicolae_shop_gadgets

Skill      XL: |  1  2  3  4  5  6  7  8  9 10 11 12 13 14 |
---------------+-------------------------------------------+-----
Stealth        | 3 4 5 6 7 8 |  8.7
Spellcasting   | 3 4 6 7 8 9 10 11 | 11.0
Short Blades   | 1 2 3 |  3.3
Conjurations   | 2 3 5 6 7 8 9 10 11 | 11.4
Fire Magic     | 4 5 7 8 9 11 12 13 | 13.4
Fighting       | 1 2 3 |  3.3
Dodging        | 3 4 |  4.7
Invocations    | 3 5 6 8 9 |  9.1
Hexes          | 1 2 3 |  3.7
Translocations | 2 3 4 5 |  5.3
Evocations     | 1 |  1.5
Shields        | 1 |  1.6
Staves         | |  0.6
Throwing       | |  0.5

Action                   |  1- 3 |  4- 6 |  7- 9 | 10-12 | 13-15 || total
-------------------------+-------+-------+-------+-------+-------++-------
Melee: Unarmed           |     6 |       |       |       |       ||     6
       Constrict         |     6 |     5 |    12 |    10 |    14 ||    47
       Tentacles         |     4 |     3 |    11 |     7 |    15 ||    40
       Short sword       |    12 |    13 |       |       |       ||    25
       Dagger            |       |    17 |    49 |    22 |       ||    88
       Rapier            |       |       |       |    14 |     5 ||    19
       Staff             |       |       |       |    12 |    39 ||    51
Throw: Dart              |       |       |       |     7 |     4 ||    11
 Cast: Foxfire           |    41 |    82 |   229 |   248 |   321 ||   921
       Conjure Flame     |       |     3 |     5 |     6 |       ||    14
       Inner Flame       |       |       |     9 |    35 |    29 ||    73
       Flame Wave        |       |       |     3 |    11 |    11 ||    25
       Scorch            |       |       |     3 |    35 |     7 ||    45
       Iskenderun's Myst |       |       |     1 |    22 |    37 ||    60
       Blink             |       |       |       |    12 |     3 ||    15
       Starburst         |       |       |       |       |    30 ||    30
Invok: Channel Magic     |       |       |       |       |     1 ||     1
Evoke: Wand              |       |     1 |     2 |    15 |     3 ||    21
       Phantom mirror    |       |       |       |     1 |       ||     1
  Use: Potion            |       |       |     1 |    10 |       ||    11
       Scroll            |       |       |     7 |     7 |     8 ||    22
 Stab: Sleeping          |       |     8 |     4 |     9 |     5 ||    26
       Paralysed         |       |       |       |     6 |       ||     6
Armor: Skin              |     3 |     3 |    12 |    14 |    17 ||    49
Dodge: Dodged            |    15 |    42 |    91 |    94 |   129 ||   371
Block: Other             |       |       |       |    17 |    29 ||    46
       Reflection        |       |       |       |     1 |     1 ||     2
       Buckler           |       |       |       |       |    25 ||    25

Table legend: (Time is in decaauts)
 A = Elapsed time spent in this place.
 B = Non-inter-level travel time spent in this place.
 C = Inter-level travel time spent in this place.
 D = Time resting spent in this place.
 E = Time spent auto-exploring this place.
 F = Levels seen in this place.
 G = Mean time per level.
                   A        B        C        D        E       F      G
               +--------+--------+--------+--------+--------+-----+--------+
         Total |  24012 |  23458 |    554 |   1707 |  15845 |  21 | 1143.4 |
       Dungeon |  12524 |  12219 |    305 |    614 |   8781 |  11 | 1138.5 |
        Temple |    123 |     65 |     58 |      0 |     52 |   1 |  123.0 |
          Lair |  10377 |  10187 |    190 |    986 |   6623 |   6 | 1729.5 |
  Orcish Mines |      2 |      2 |      0 |      0 |      0 |   1 |    2.0 |
         Sewer |    362 |    362 |      0 |      0 |    288 |   1 |  362.0 |
      Gauntlet |    620 |    620 |      0 |    107 |    101 |   1 |  620.0 |
               +--------+--------+--------+--------+--------+-----+--------+

Top non-repeatable levels by time:
  Lair:1: 2273 daAuts
  Lair:3: 1929 daAuts
  Lair:6: 1757 daAuts
    D:11: 1668 daAuts
  Lair:5: 1638 daAuts
  Lair:2: 1538 daAuts
     D:4: 1403 daAuts
     D:7: 1263 daAuts
     D:6: 1240 daAuts
  Lair:4: 1238 daAuts
     D:5: 1167 daAuts
     D:2: 1082 daAuts
     D:3: 1019 daAuts
     D:8: 1012 daAuts
     D:9: 975 daAuts
